 Dungeon Crawl Stone Soup version 0.31-a0-152-g6aa68a64a1 (webtiles) character file.

Game seed: 16463938513690574927

234 qw the Shooter (level 6, -14/37 HPs)
             Began as a Gargoyle Hunter on June 10, 2023.
             Demolished by Menkaure (17 damage)
             ... on level 4 of the Dungeon.
             The game lasted 00:00:46 (2410 turns).

qw the Shooter (Gargoyle Hunter)                    Turns: 2410, Time: 00:00:47

Health: -14/37     AC:  8    Str: 15    XL:     6   Next: 5%
Magic:  6/6        EV: 11    Int:  9    God:
Gold:   116        SH:  5    Dex: 15    Spells: 5/5 levels left

rFire   . . .        Y - +0 shortbow
rCold   . . .        (shield currently unavailable)
rNeg    + . .        c - +0 leather armour
rPois   inf          (no helmet)
rElec   +            (no cloak)
rCorr   .            h - +0 pair of gloves
SInv    .            (no boots)
Will    .....        l - amulet of reflection
Stlth   ++           (no ring)
HPRegen 0.26/turn    (no ring)
MPRegen 0.10/turn

%: reflection
@: about to teleport
A: sickness immunity, AC +4, negative energy resistance 1, electricity
resistance, torment resistance 1, petrification resistance
a: no special abilities


You were on level 4 of the Dungeon.
You visited 1 branch of the dungeon, and saw 4 of its levels.

You collected 116 gold pieces.


Innate Abilities, Weirdness & Mutations

You are immune to sickness and miasma.
Your stone body is resilient. (AC +4)
You are immune to poison.
You resist negative energy. (rN+)
You are resistant to electric shocks. (rElec)
You are resistant to unholy torment.
You are immune to petrification.


   Skills:
 - Level 3.2 Fighting
 - Level 6.7 Ranged Weapons
 + Level 0.0 Armour
 - Level 1.5 Dodging
 - Level 1.1 Stealth


You had 5 spell levels left.
You didn't know any spells.
Your spell library was empty.

Inventory:

Hand Weapons
 Y - a +0 shortbow (weapon)
Armour
 c - a +0 leather armour (worn)
 h - a +0 pair of gloves (worn)
 k - a +0 ring mail
Jewellery
 l - an amulet of reflection (around neck)
Wands
 i - a wand of digging (3)
Scrolls
 a - a scroll of identify
 b - a scroll of teleportation
Potions
 d - a potion of haste {unknown}
 e - a potion of brilliance {unknown}
 f - a potion of magic {unknown}
 g - a potion of invisibility {unknown}
 j - a potion of attraction {unknown}

Dungeon Overview and Level Annotations

Branches:
Dungeon (4/15)
 Temple: D:4-7

Altars:

Shops:
D:2 !!

Annotations:
D:2 2 transporters
D:4 Menkaure


Message History

Menkaure, Prince of Dust comes into view.
Enter note: You shoot an arrow.
Menkaure shouts!
The arrow hits Menkaure.
Menkaure is lightly damaged.
An adder comes into view.
You shoot an arrow. The arrow barely misses Menkaure.
You shoot an arrow. The arrow barely misses Menkaure.
Menkaure gestures wildly while chanting.
Menkaure seems to speed up.
You shoot an arrow. The arrow hits the adder.
The adder is lightly wounded.
Menkaure mumbles, "Let me perform the rites..."
2402 ||| Stepping ~*~*~tactically~*~*~ (outnumbered).
You block the adder's attack.
You shoot an arrow. The arrow closely misses the adder.
The adder closely misses you. x2
You shoot an arrow. The arrow barely misses Menkaure.
Menkaure barely misses you. You block the adder's attack. Menkaure hits you!
You shoot an arrow. The arrow hits Menkaure.
Menkaure is moderately damaged.
The adder bites you. Menkaure hits you but does no damage.
The adder bites you but does no damage.
You shoot an arrow. The arrow hits Menkaure.
Menkaure is heavily damaged.
Menkaure hits you. You block the adder's attack. Menkaure hits you!
2408 ||| READING 2 scrolls of teleportation.
As you read the scroll of teleportation, it crumbles to dust.
You feel strangely unstable. The adder closely misses you. Menkaure hits you.
The adder bites you but does no damage.
You shoot an arrow. The arrow hits Menkaure.
Menkaure is severely damaged.
Menkaure calls on the powers of darkness!
The adder convulses!
You feel a surge of unholy energy. The adder barely misses you.
You shoot an arrow. The arrow barely misses Menkaure.
Menkaure hits you!
You die...

.......... ....
.....$...#.....
.........#.....
#........#... ..
#........... ...
..........##### ....
.......SM.###..##....
..... ##@..##........
..#.###....#......##.
...##.....##....[#.. ..
#...#...............
..#####..................
.....#.........>.........
#......................
#..#.........#.........
###.....).....#.........


You could see Menkaure (fast) and an adder.

Vanquished Creatures
  Sigmund (D:4)
  2 adders (D:2)
  A shadow imp (D:4)
  A worm (D:2)
  A dart slug (D:3)
  4 ball pythons
  4 bats
  4 endoplasms
  A giant cockroach (D:2)
  4 goblins
  2 hobgoblins (D:1)
  8 jackals (D:1)
  A quokka (D:1)
  3 frilled lizards
  4 kobolds
  3 rats
44 creatures vanquished.

Notes
Turn   | Place    | Note
-------+----------+-------------------------------------------
     0 | D:1      | qw the Gargoyle Hunter began the quest for the Orb.
     0 | D:1      | Reached XP level 1. HP: 12/12 MP: 1/1
     0 | D:1      | 0 ||| qw: Version: 0.2-a-29-g8b02136
     0 | D:1      | 0 ||| qw: Game counter: 3819
     0 | D:1      | 0 ||| qw: Always use a shield: true
     0 | D:1      | 0 ||| qw: God list: Okawaru
     0 | D:1      | 0 ||| qw: Allow faded altars: false
     0 | D:1      | 0 ||| qw: Do Orc after D:15 true
     0 | D:1      | 0 ||| qw: Do second Lair branch before Depths: true
     0 | D:1      | 0 ||| qw: Lair rune preference: random
     0 | D:1      | 0 ||| qw: Plans: Normal, Zot:1-4, Slime:5, God:TSO, Crypt,
                  | Tomb, Abyss, Pan, Hells, Win
     0 | D:1      | 0 ||| PLANNING D:1-11
   131 | D:1      | Reached XP level 2. HP: 17/17 MP: 2/2
   356 | D:1      | Reached XP level 3. HP: 18/21 MP: 3/3
   548 | D:1      | Reached skill level 5 in Ranged Weapons
   782 | D:1      | 782 ||| DROPPING ring of magical power.
   783 | D:1      | 783 ||| READING 2 scrolls labelled EXUHOANAOR.
   784 | D:1      | 784 ||| READING scroll labelled DOTYSH NURUEXT.
   785 | D:1      | 785 ||| READING scroll labelled GAELLU VOYTTADD.
   786 | D:1      | 786 ||| READING scroll labelled KYSUEM YNKEDD.
   787 | D:1      | 787 ||| READING scroll labelled XUESOX ROARUY.
   788 | D:1      | 788 ||| DROPPING scroll of butterflies.
   913 | D:2      | Found Memyf's Distillery.
   922 | D:2      | 922 ||| SHOPLISTING potion of attraction (36 gold, have
                  | 28).
   922 | D:2      | 922 ||| SHOPLISTING potion of curing (36 gold, have 28).
   922 | D:2      | 922 ||| SHOPLISTING potion of haste (120 gold, have 28).
   922 | D:2      | 922 ||| SHOPLISTING potion of lignification (36 gold, have
                  | 28).
   922 | D:2      | 922 ||| SHOPLISTING potion of magic (96 gold, have 28).
  1231 | D:2      | Found a transporter.
  1232 | D:2      | Found Vapruem's Distillery.
  1302 | D:2      | Reached skill level 3 in Fighting
  1371 | D:2      | Reached XP level 4. HP: 28/28 MP: 4/4
  1629 | D:2      | Found a transporter.
  1632 | D:2      | 1632 ||| UPGRADING to amulet of regeneration.
  1637 | D:2      | 1637 ||| READING 3 scrolls labelled BOIZOA POTWIRU.
  1640 | D:2      | 1640 ||| READING scroll labelled VINEAD SOSS.
  1641 | D:2      | 1641 ||| READING scroll labelled PIGERE KUIBBE.
  2287 | D:3      | 2287 ||| UPGRADING to +0 pair of gloves.
  2292 | D:3      | 2292 ||| UPGRADING to amulet of reflection.
  2302 | D:3      | 2302 ||| DROPPING amulet of regeneration.
  2303 | D:3      | 2303 ||| READING scroll labelled VAANAITADUI.
  2304 | D:3      | 2304 ||| READING scroll labelled ONAUGU PIRCHUN.
  2332 | D:4      | Noticed Sigmund
  2341 | D:4      | Killed Sigmund
  2342 | D:4      | Reached skill level 6 in Ranged Weapons
  2342 | D:4      | Reached XP level 5. HP: 25/32 MP: 5/5
  2342 | D:4      | Reached XP level 6. HP: 30/37 MP: 6/6
  2397 | D:4      | Noticed Menkaure
  2402 | D:4      | 2402 ||| Stepping ~*~*~tactically~*~*~ (outnumbered).
  2407 | D:4      | HP: 7/37 [Menkaure (8)]
  2408 | D:4      | 2408 ||| READING 2 scrolls of teleportation.
  2408 | D:4      | HP: 2/37 [Menkaure (5)]
  2410 | D:4      | Demolished by Menkaure

Levels and vault maps discovered:
D:1:      ebering_trefoil_3fold, layout_basic, feat_on_display
D:2:      layout_basic, serial_shops, nicolae_shop_drivethru, shop_statue
D:3:      layout_loops_ring
D:4:      layout_cave_pools, grunt_gozag_breadcrumbs, makhleb_heckhound_becter,
          uniq_sigmund, uniq_menkaure

Skill      XL: |  1  2  3  4 |
---------------+-------------+-----
Ranged Weapons | 5 6 |  6.7
Fighting       | 3 |  3.2
Dodging        | |  1.5
Stealth        | |  1.1

Action                     |  1- 3 |  4- 6 || total
---------------------------+-------+-------++-------
   Fire: Shortbow          |   102 |    53 ||   155
    Use: Scroll            |     5 |     6 ||    11
 Armour: Leather armour    |    19 |     4 ||    23
  Dodge: Dodged            |    19 |     6 ||    25
  Block: Other             |       |     4 ||     4

Table legend:
 A = Non-vault XP
 B = Vault XP
 C = Vault XP percentage of total XP
 D = Non-vault monster count
 E = Vault monster count
 F = Vault count percentage of total count
                 A         B        C        D         E       F
            +---------+---------+-------+---------+---------+-------
      Total |     109 |     226 |  67.5 |      43 |       1 |   2.3
            +---------+---------+-------+---------+---------+-------
        D:1 |      41 |       0 |   0.0 |      22 |       0 |   0.0
        D:2 |      47 |       0 |   0.0 |      14 |       0 |   0.0
        D:3 |      10 |       0 |   0.0 |       6 |       0 |   0.0
        D:4 |      11 |     226 |  95.4 |       1 |       1 |  50.0
            +---------+---------+-------+---------+---------+-------
